 Dungeon Crawl Stone Soup version 0.17-a0-1718-g72dbe4d (webtiles) character file.

127987 patman the Earth Mage (level 16, -3/160 HPs)
             Began as a Deep Dwarf Earth Elementalist on Aug 16, 2015.
             Was the Champion of Makhleb.
             Killed from afar by a thorn hunter (14 damage)
             ... with a volley of thorns
             ... on level 4 of the Swamp on Aug 24, 2015.
             The game lasted 02:50:23 (33714 turns).

patman the Earth Mage (DDEE)                       Turns: 33714, Time: 02:50:23

Health: -3/160     AC: 20    Str: 13    XL:     16   Next: 17%
Magic:  1/45       EV: 20    Int: 21    God:    Makhleb [******]
Gold:   1169       SH:  5    Dex: 13    Spells: 8 memorised, 0 levels left

rFire  . . .     SeeInvis .     a - +2 dagger (elec)
rCold  . . .     Clarity  +     P - +3 leather armour of Focram {MP+9}
rNeg   + . .     SustAt   .     m - +0 buckler
rPois  +         Gourm    .     y - +2 helmet "Okovoit" {rPois MR+ Int-4 Slay+3}
rElec  .         Spirit   .     q - +2 cloak {+Inv}
rCorr  .         Warding  .     e - +2 pair of gloves
rMut   .         Stasis   .     l - +2 pair of boots
MR     +++..                    w - amulet of clarity
Stlth  ++........               S - +3 ring of intelligence
                                N - ring of magical power

@: very slightly contaminated, non-regenerating, extremely resistant to hostile
enchantments, unstealthy
A: damage resistance, recharge devices, negative energy resistance 1, sense
surroundings 2, slow healing 3, MP-powered wands
a: Device Recharging, Minor Destruction, Lesser Servant of Makhleb, Major
Destruction, Greater Servant of Makhleb, Renounce Religion, Evoke Invisibility
}: 1/15 runes: decaying


You were on level 4 of the Swamp.
You worshipped Makhleb.
Makhleb was exalted by your worship.
You were full.

You visited 4 branches of the dungeon, and saw 27 of its levels.
You also visited: Labyrinth.

You collected 3231 gold pieces.
You spent 2062 gold pieces at shops.

Inventory:

Hand weapons
 a - a +2 dagger of electrocution (weapon)
 g - a +0 dire flail
 p - the +2 quarterstaff "Kinoc" {flame, rElec rPois rN+ Str+2}
   (You found it on level 9 of the Dungeon)

   It has been specially enchanted to burn those struck by it, causing extra
   injury to most foes and up to half again as much damage against particularly
   susceptible opponents.
   It affects your strength (+2).
   It insulates you from electricity.
   It protects you from poison.
   It protects you from negative energy.
Missiles
 t - 7 javelins (quivered)
Armour
 e - a +2 pair of gloves (worn)
 l - a +2 pair of boots (worn)
 m - a +0 buckler (worn)
 q - a +2 cloak of invisibility (worn)
 y - the +2 helmet "Okovoit" (worn) {rPois MR+ Int-4 Slay+3}
   (You found it on level 4 of the Dungeon)

   It affects your intelligence (-4).
   It affects your accuracy and damage with ranged weapons and melee attacks
   (+3).
   It protects you from poison.
   It affects your resistance to hostile enchantments.
 P - the +3 leather armour of Focram (worn) {MP+9}
   (You took it off a tengu warrior on level 11 of the Dungeon)

   It affects your magic capacity (+9).
Magical staves
 E - an uncursed staff of fire
 Q - an uncursed staff of wizardry
Jewellery
 c - an uncursed amulet of resist corrosion
 o - an uncursed ring of ice
 v - an uncursed ring of positive energy
 w - an amulet of clarity (around neck)
 B - an uncursed ring of ice
 N - a ring of magical power (left hand)
 S - a +3 ring of intelligence (right hand)
 T - the amulet of Intercession {Gourm *Corrode Int+6 Stlth+}
   (You found it on level 2 of the Swamp)

   [amulet of the gourmand]

   It allows you to eat raw meat even when not hungry.
   It affects your intelligence (+6).
   It may corrode your equipment when you take damage.
   It makes you more stealthy.
 X - an uncursed ring of teleportation
Magical devices
 b - a wand of fireball (1)
 d - a wand of heal wounds (2)
 F - a wand of disintegration (19)
 M - a wand of digging (14)
 W - a wand of draining (3)
Scrolls
 h - 6 scrolls of magic mapping
 j - 3 scrolls of immolation
 x - 6 scrolls of remove curse
 z - 3 scrolls of recharging
 A - 3 scrolls of enchant weapon
 D - 2 scrolls of teleportation
 G - 2 scrolls of silence
 U - a scroll of blinking
 V - a scroll of fear
 Y - 2 scrolls of fog
 Z - 2 scrolls of torment
Potions
 f - a potion of flight
 n - 2 potions of ambrosia
 s - 14 potions of curing
 u - a potion of heal wounds
 C - 4 potions of might
 H - a potion of haste
 I - a potion of cure mutation
 J - 3 potions of berserk rage
 K - 2 potions of brilliance
 O - 4 potions of magic
Books
 i - a book of Enchantments

   Spells                             Type                      Level
   a - Cause Fear                     Hexes                        4
   b - Silence                        Hexes/Air                    5
   c - Deflect Missiles               Charms/Air                   6
   d - Haste                          Charms                       6
   e - Discord                        Hexes                        8
 r - an Akashic Record

   Spells                             Type                      Level
   a - Dispersal                      Translocation                6
   b - Controlled Blink               Translocation                7
   c - Malign Gateway                 Summoning/Translocation      7
   d - Disjunction                    Translocation                8
Comestibles
 k - 9 bread rations
 R - 51 fruits


   Skills:
 - Level 14.6 Fighting
 - Level 7.3 Armour
 - Level 15.0 Dodging
 - Level 2.4 Stealth
 - Level 4.1 Shields
 - Level 7.7 Spellcasting
 * Level 0.3 Charms
 - Level 9.1 Necromancy
 - Level 0.8 Transmutations
 - Level 15.1 Earth Magic
 - Level 11.3 Invocations


You couldn't memorise any spells.
You knew the following spells:

 Your Spells              Type           Power        Failure   Level  Hunger
a - Haste                 Chrm           #.......     100%        6    ######.
c - Stone Arrow           Conj/Erth      #####.       1%          3    None
d - Lee's Rapid Deconstr  Erth           ######....   1%          5    #####..
v - Vampiric Draining     Necr           #####.....   1%          3    None
N - Animate Dead          Necr           N/A          2%          4    ###....
O - Stoneskin             Trmt/Erth      #####...     1%          2    None
P - Petrify               Trmt/Erth      #####...     4%          4    ###....
W - Passwall              Trmt/Erth      #####.....   1%          3    None


Dungeon Overview and Level Annotations

Branches:
Dungeon (11/15)            Temple (0/1) D:5            Lair (8/8) D:11
  Swamp (4/4) Lair:3        Snake (0/4) Lair:6        Slime (0/6) Lair:8
    Orc (4/4) D:9             Elf (0/3) Orc:4

Altars:
Cheibriados
Gozag
Makhleb
Nemelex Xobeh
Okawaru
Ru
Trog
Yredelemnul
Zin
The Shining One
Beogh

Shops:
D:5 *   D:7 *   D:9 !   D:10 =   Orc:1 !   Orc:2 }   Orc:4 *[**

Annotations:
D:3 return with lrd
Lair:5 Rupert
Swamp:2 Kirke


Innate Abilities, Weirdness & Mutations

You are resistant to damage.
You can recharge devices by infusing magical energy.
You resist negative energy.
You passively map the area around you.
You do not heal naturally.
You expend magic power (3 MP) to strengthen your wands.


Message History

Unknown command.
You hit the bog body.
There is a sudden explosion of sparks!
The bog body is heavily damaged.
The briar patch crumbles away. x3
Thorny briars emerge from the ground!
The bog body completely misses you. You block the bog body's attack.
Unknown command.
Unknown command.
Unknown command.
Unknown command.
You barely miss the thorn hunter.
The thorn hunter is almost destroyed.
The thorn hunter hits you!!
* * * LOW HITPOINT WARNING * * *
The thorn hunter hits you!
* * * LOW HITPOINT WARNING * * *
The bog body misses you. You block the bog body's attack.
The thorn hunter fires a volley of thorns at you.
The volley of thorns hits you!
You die...

♣≈..≈.≈≈≈...≈≈≈≈...≈≈.≈♣
♣♣♣
♣♣♣≈♣♣.≈≈..≈≈§≈≈≈≈≈≈≈.♣♣
♣.. * *
♣.♣♣≈≈≈.≈≈PPPPPP♣♣♣♣♣ ♣.≈
, *
♣♣♣♣♣♣♣.≈≈PPPPPP♣♣♣≈♣♣♣♣≈≈
♣.≈≈≈≈≈≈PP≈♣≈≈.≈♣♣≈≈ ≈ *
♣♣...≈≈≈PP≈.≈≈≈.♣♣.≈ ≈ * *
♣♣♣....PP..≈≈≈≈.... , ,
*♣.≈≈≈.PP≈≈≈≈..≈≈.≈ , *
♣@n≈.♣..≈≈≈≈.≈≈≈≈≈ ≈
.≈≈≈≈.f≈♣≈♣♣♣≈.≈≈≈≈≈≈≈≈.
≈, ≈≈§≈≈.....♣
♣≈.≈..≈≈≈≈≈. , ≈
≈≈.♣≈≈.≈≈♣♣ ♣≈≈≈≈.≈...≈♣ ,
.. ♣≈♣.≈.♣ ♣♣≈≈≈≈≈≈≈.♣♣ ≈*
., ♣♣♣♣♣♣♣ ♣§≈≈#####≈≈≈
≈≈§♣♣≈♣♣≈♣♣ ♣♣..##...####
≈≈..≈≈§≈(.♣♣♣...#.....#..
≈ ♣.≈≈.<(≈♣.≈≈♣.#..?..#.8


You could see a thorn hunter and a bog body.

Vanquished Creatures
  the Lernaean hydra (Swamp:4)
  Jorgrun (Swamp:2)
  2 thorn hunters (Swamp:4)
  An orc warlord (Orc:2)
  Donald (Swamp:3)
  A very ugly thing (Swamp:1)
  A minotaur (Orc:3)
  Fannar (Lair:2)
  Harold (Lair:2)
  17 hydras
  3 alligators
  An anaconda (Lair:8)
  A tengu warrior (D:11)
  8 orc high priests (Orc:4)
  9 death yaks
  5 spriggans
  A spriggan druid (Swamp:3)
  A necromancer (Lair:6)
  8 swamp dragons
  2 hill giants
  An unseen horror (D:11)
  A hornet (Swamp:3)
  3 orc knights
  3 ugly things
  A cyclops (D:11)
  A manticore (D:11)
  2 griffons
  13 elephants
  5 black mambas
  8 komodo dragons
  2 torpor snails
  7 trolls
  22 spiny frogs
  A kobold demonologist (D:11)
  A fire drake (Lair:8)
  2 two-headed ogres
  7 slime creatures
  A trapdoor spider zombie (D:7)
  Prince Ribbit (D:6)
  2 boulder beetles
  7 bog bodies
  A polar bear (Lair:5)
  2 giant leeches
  36 blink frogs
  A shadow (Swamp:4)
  A centaur simulacrum (D:11)
  A deep elf mage (D:11)
  2 vampire mosquitoes
  27 yaks
  A deep elf fighter (D:11)
  2 basilisks
  9 hippogriffs
  2 hogs (Swamp:2)
  2 hungry ghosts (D:10)
  7 wargs
  2 soldier ants
  19 swamp worms
  9 wolves
  6 insubstantial wisps (Swamp:1)
  18 water moccasins
  8 ice beasts
  The ghost of asdu the Chopper, an average VSBe of Trog (D:6)
  12 swamp drakes
  15 orc warriors
  2 spiders (D:9)
  4 black bears
  12 porcupines
  2 eyes of draining
  2 phantoms
  3 sky beasts
  6 wasps
  6 centaurs
  9 ogres
  15 crocodiles
  Blork the orc (D:6)
  16 giant frogs
  A big kobold (D:11)
  A water moccasin zombie (D:5)
  A wyvern skeleton (D:7)
  13 killer bees
  4 scorpions
  8 electric eels
  8 crimson imps
  3 centaur zombies
  A basilisk zombie (Lair:6)
  31 orc wizards
  4 hounds
  46 orc priests
  3 giant frog zombies
  2 centaur skeletons
  Ijyb (D:2)
  12 iguanas
  19 jellies
  3 giant frog skeletons
  13 worker ants
  Natasha (twice) (D:2)
  5 hell rats (D:5)
  8 sheep (Lair:1)
  A hound skeleton (D:10)
  2 worker ant zombies
  3 gnolls (D:7)
  16 adders
  62 river rats
  5 shadow imps
  3 adder skeletons
  2 adder zombies
  2 worms
  4 giant geckos
  172 orcs
  5 giant cockroaches
  4 goblins
  5 hobgoblins
  9 jackals
  11 kobolds
  7 quokkas
  A ball python (D:5)
  3 bats
  A giant cockroach zombie (D:5)
  2 giant gecko skeletons
  A giant gecko zombie (D:7)
  4 giant newts
  A quokka skeleton (D:6)
  28 rats
  A fungus (Lair:7)
  3 plants (Lair:8)
966 creatures vanquished.

Vanquished Creatures (collateral kills)
  3 dire elephants (Lair:8)
  6 hydras
  An alligator (Swamp:4)
  3 spriggans (Swamp:3)
  A spriggan druid (Swamp:3)
  A swamp dragon (Swamp:3)
  A komodo dragon (Lair:8)
  A blink frog (Lair:8)
  8 bog bodies
  A shadow (Swamp:1)
  A slime creature (Swamp:3)
  3 vampire mosquitoes
  A hog (Swamp:2)
  A water moccasin (Lair:8)
  2 swamp worms
  2 swamp drakes
  5 wasps
  A crocodile (Lair:8)
  4 fungi (Lair:8)
  A plant (Lair:8)
47 creatures vanquished.

Vanquished Creatures (others)
  A spriggan druid (Swamp:4)
  2 swamp worms (Swamp:4)
  An orc (Orc:4)
  A briar patch (Swamp:4)
  A bush (Swamp:4)
  34 fungi
  14 plants
54 creatures vanquished.

Grand Total: 1067 creatures vanquished

Notes
Turn   | Place    | Note
--------------------------------------------------------------
     0 | D:1      | patman the Deep Dwarf Earth Elementalist began the quest for the Orb.
     0 | D:1      | Reached XP level 1. HP: 15/15 MP: 3/3
   208 | D:1      | Reached XP level 2. HP: 22/22 MP: 1/4
   267 | D:1      | Learned a level 2 spell: Stoneskin
   530 | D:1      | Reached skill level 5 in Earth Magic
   942 | D:2      | Reached XP level 3. HP: 24/28 MP: 2/5
  1040 | D:2      | Noticed Natasha
  1086 | D:2      | Killed Natasha
  1094 | D:2      | Learned a level 3 spell: Passwall
  1155 | D:2      | Found a snail-covered altar of Cheibriados.
  1271 | D:2      | Noticed Ijyb
  1538 | D:2      | Reached XP level 4. HP: 20/36 MP: 5/7
  1626 | D:2      | Noticed Natasha
  1629 | D:2      | Killed Natasha
  1845 | D:2      | Killed Ijyb
  1845 | D:2      | Reached skill level 6 in Earth Magic
  1972 | D:2      | Found a sacrificial altar of Ru.
  1972 | D:2      | Found an iron altar of Okawaru.
  2055 | D:2      | Found a burning altar of Makhleb.
  2067 | D:2      | Became a worshipper of Makhleb the Destroyer
  2202 | D:2      | Found a faded altar to an unknown god.
  2536 | D:3      | Reached skill level 7 in Earth Magic
  2536 | D:3      | Reached XP level 5. HP: 17/42 MP: 3/9
  2925 | D:3      | Acquired Makhleb's first power
  3090 | D:4      | Reached skill level 8 in Earth Magic
  3116 | D:4      | You fall through a shaft for 3 floors!
  3124 | D:7      | Noticed a black bear
  3150 | D:7      | Killed a black bear
  3150 | D:7      | Reached XP level 6. HP: 15/49 MP: 5/10
  3253 | D:6      | Reached skill level 9 in Earth Magic
  3271 | D:6      | Noticed Prince Ribbit
  3286 | D:6      | Killed Prince Ribbit
  3286 | D:6      | Reached skill level 10 in Earth Magic
  3286 | D:6      | Reached XP level 7. HP: 37/55 MP: 7/11
  3294 | D:6      | Learned a level 5 spell: Lee's Rapid Deconstruction
  3419 | D:6      | Noticed asdu's ghost (average VSBe)
  3442 | D:6      | Got a brightly glowing helmet
  3464 | D:5      | Entered Level 5 of the Dungeon
  3475 | D:5      | Identified the cursed -4 helmet "Yjiwejaj" {rPois Int+7 Dex-2} (You found it on level 6 of the Dungeon)
  3542 | D:5      | Reached skill level 11 in Earth Magic
  3800 | D:4      | Reached skill level 1 in Shields
  4295 | D:4      | Got a warped helmet
  4301 | D:4      | Identified the +2 helmet "Okovoit" {rPois MR+ Int-4 Slay+3} (You found it on level 4 of the Dungeon)
  4418 | D:4      | Acquired Makhleb's second power
  4658 | D:5      | Found Dewni's Assorted Antiques.
  4667 | D:5      | Bought a cloak for 117 gold pieces
  4672 | D:5      | Bought a scroll of identify for 52 gold pieces
  4875 | D:5      | Reached XP level 8. HP: 42/62 MP: 4/12
  4991 | D:5      | Found a staircase to the Ecumenical Temple.
  5234 | D:5      | Reached skill level 12 in Earth Magic
  5243 | D:5      | Acquired Makhleb's third power
  5521 | D:5      | Acquired Makhleb's fourth power
  5543 | D:6      | Reached skill level 13 in Earth Magic
  5668 | D:6      | Noticed Blork the orc
  5699 | D:6      | Killed Blork the orc
  5754 | D:6      | Killed asdu's ghost
  5754 | D:6      | Gained mutation: You passively map the area around you. [Deep Dwarf growth]
  5754 | D:6      | Reached XP level 9. HP: 68/68 MP: 9/13
  5801 | D:6      | Reached skill level 14 in Earth Magic
  5872 | D:6      | Found an opulent altar of Gozag.
  5873 | D:6      | Found a glowing silver altar of Zin.
  6214 | D:7      | Noticed a trapdoor spider zombie
  6223 | D:7      | Killed a trapdoor spider zombie
  6223 | D:7      | Reached skill level 15 in Earth Magic
  6298 | D:7      | Found a basalt altar of Yredelemnul.
  6300 | D:7      | Noticed a profane servitor
  6404 | D:7      | Found a glowing golden altar of the Shining One.
  6406 | D:7      | Noticed an angel
  6483 | D:7      | Found Simeengi's General Store.
  6486 | D:7      | Bought a +0 pair of gloves for 63 gold pieces
  6605 | D:5      | Bought a copper wand for 104 gold pieces
  6605 | D:5      | Bought 2 metallic white potions for 46 gold pieces
  6605 | D:5      | Bought an inky potion for 23 gold pieces
  6713 | D:8      | Reached skill level 1 in Fighting
  6743 | D:8      | Acquired Makhleb's fifth power
  7611 | D:9      | Reached skill level 5 in Dodging
  7703 | D:9      | Reached XP level 10. HP: 85/85 MP: 9/14
  7708 | D:9      | Learned a level 3 spell: Stone Arrow
  7942 | D:9      | Found Biuv's Distillery.
  7969 | D:9      | Reached skill level 5 in Fighting
  8015 | D:9      | Bought a potion of magic for 136 gold pieces
  8376 | D:9      | Got a jewelled quarterstaff
  8382 | D:9      | Identified the +2 quarterstaff "Kinoc" {flame, rElec rPois rN+ Str+2} (You found it on level 9 of the Dungeon)
  8420 | D:9      | Found a staircase to the Orcish Mines.
  8426 | D:9      | Found a bloodstained altar of Trog.
  8518 | D:9      | Found a sparkling altar of Nemelex Xobeh.
  8625 | D:10     | Entered Level 10 of the Dungeon
  9070 | D:10     | Reached XP level 11. HP: 67/100 MP: 15/15
  9415 | D:10     | Found Ryren's Jewellery Emporium.
  9426 | D:10     | Bought an uncursed ring of magical power for 220 gold pieces
 10532 | D:11     | Reached skill level 10 in Dodging
 10574 | D:11     | Noticed a hill giant
 10789 | D:10     | Noticed a hill giant
 10819 | D:10     | Killed a hill giant
 11022 | Orc:1    | Entered Level 1 of the Orcish Mines
 11223 | Orc:1    | Found Rotibo Hoile's Distillery.
 11801 | Orc:2    | Found Xeuproas's Gadget Boutique.
 11873 | Orc:2    | Noticed an orc warlord
 12773 | Orc:4    | Entered Level 4 of the Orcish Mines
 12791 | Orc:4    | Found a labyrinth entrance.
 12800 | Lab      | Entered a labyrinth
 13279 | Lab      | Noticed a minotaur
 13303 | Lab      | Got a scorched scale mail
 13303 | Lab      | Identified the Reference Book on Companions and Translocation (You found it in a labyrinth)
 13370 | Orc:2    | Identified the cursed +1 scale mail of the Earth {*Contam rF+ Int+6} (You found it in a labyrinth)
 13376 | Orc:2    | Gained mutation: You expend magic power (3 MP) to strengthen your wands. [mutagenic glow]
 13732 | D:11     | Reached skill level 10 in Fighting
 13814 | D:11     | Noticed a tengu warrior
 14417 | D:11     | Reached XP level 12. HP: 118/118 MP: 7/16
 14524 | D:11     | Killed a tengu warrior
 14527 | D:11     | Got a warped leather armour
 14671 | D:11     | Identified the +3 leather armour of Focram {MP+9} (You took it off a tengu warrior on level 11 of the Dungeon)
 14767 | D:11     | Killed a hill giant
 15023 | D:11     | Found an iron altar of Okawaru.
 15042 | D:11     | Killed an unseen horror
 15042 | D:11     | Reached skill level 5 in Spellcasting
 15382 | D:11     | Learned a level 4 spell: Petrify
 15901 | D:11     | Found a staircase to the Lair.
 16061 | Lair:1   | Entered Level 1 of the Lair of Beasts
 16807 | Lair:2   | Reached skill level 1 in Armour
 16807 | Lair:2   | Reached skill level 1 in Invocations
 16816 | Lair:2   | Noticed a seven-headed hydra
 16857 | Lair:2   | Noticed Fannar
 16873 | Lair:2   | Killed Fannar
 17080 | Lair:2   | Noticed Harold
 17093 | Lair:2   | Killed Harold
 17174 | Lair:2   | Noticed a six-headed hydra
 17182 | Lair:2   | Killed a six-headed hydra
 17494 | Lair:2   | Reached skill level 5 in Invocations
 17566 | Lair:2   | Killed a seven-headed hydra
 17891 | Lair:2   | Reached XP level 13. HP: 127/127 MP: 24/24
 18309 | Lair:2   | Reached skill level 5 in Armour
 18820 | Lair:3   | Found a staircase to the Swamp.
 19227 | Lair:3   | Learned a level 3 spell: Vampiric Draining
 19232 | Lair:3   | Learned a level 4 spell: Animate Dead
 20228 | Lair:4   | Reached skill level 10 in Invocations
 20916 | Lair:5   | Noticed Rupert
 21461 | Lair:6   | Found a staircase to the Snake Pit.
 22189 | Lair:6   | Reached skill level 1 in Necromancy
 22189 | Lair:6   | Gained mutation: You resist negative energy. [Deep Dwarf growth]
 22189 | Lair:6   | Reached XP level 14. HP: 135/135 MP: 25/25
 22860 | Lair:5   | Reached skill level 5 in Necromancy
 24264 | Lair:8   | Entered Level 8 of the Lair of Beasts
 24400 | Lair:8   | Found a staircase to the Slime Pits.
 26390 | Orc:2    | Killed an orc warlord
 26606 | Orc:2    | Found a roughly hewn altar of Beogh.
 26885 | Orc:3    | Killed a minotaur
 27368 | Orc:4    | Noticed an orc high priest
 27371 | Orc:4    | Killed an orc high priest
 27371 | Orc:4    | Reached XP level 15. HP: 130/144 MP: 21/26
 27381 | Orc:4    | Upgraded the game from 0.17-a0-1663-gb806841 to 0.17-a0-1674-g2b13139
 27626 | Orc:4    | Noticed an orc high priest
 27639 | Orc:4    | Killed an orc high priest
 27678 | Orc:4    | Found Quivyin's General Store.
 27678 | Orc:4    | Found Hupote's General Store.
 27700 | Orc:4    | Bought a potion of lignification for 36 gold pieces
 27700 | Orc:4    | Bought a potion of heal wounds for 60 gold pieces
 27700 | Orc:4    | Bought a scroll of fog for 24 gold pieces
 27700 | Orc:4    | Bought a scroll of silence for 90 gold pieces
 27710 | Orc:4    | Bought a scroll of fog for 24 gold pieces
 27735 | Orc:4    | Found a roughly hewn altar of Beogh.
 27739 | Orc:4    | Noticed an orc high priest
 27740 | Orc:4    | Noticed an orc high priest
 27742 | Orc:4    | Killed an orc high priest
 27743 | Orc:4    | Killed an orc high priest
 27744 | Orc:4    | Noticed an orc high priest
 27747 | Orc:4    | Killed an orc high priest
 27750 | Orc:4    | Found Riururobb's Assorted Antiques.
 27766 | Orc:4    | Noticed an orc high priest
 27783 | Orc:4    | Killed an orc high priest
 27827 | Orc:4    | Found Foumat's Antique Armour Boutique.
 27832 | Orc:4    | Bought a pair of spiked gloves for 323 gold pieces
 27842 | Orc:4    | Identified the cursed +0 pair of gloves "Eta Hymp" {rC- rN++ MR+ Dex+4} (You bought it in a shop on level 4 of the Orcish Mines)
 27863 | Orc:4    | Bought 2 potions of curing for 186 gold pieces
 27863 | Orc:4    | Bought a potion of haste for 310 gold pieces
 27863 | Orc:4    | Bought a scroll of teleportation for 93 gold pieces
 27863 | Orc:4    | Bought a scroll of identify for 62 gold pieces
 27863 | Orc:4    | Bought a scroll of teleportation for 93 gold pieces
 27999 | Orc:4    | Found a staircase to the Elven Halls.
 28205 | Orc:4    | Noticed an orc high priest
 28208 | Orc:4    | Killed an orc high priest
 28209 | Orc:4    | Noticed an orc high priest
 28217 | Orc:4    | Killed an orc high priest
 28688 | Swamp:1  | Entered Level 1 of the Swamp
 29848 | Swamp:2  | Noticed Jorgrun
 29958 | Swamp:1  | Upgraded the game from 0.17-a0-1674-g2b13139 to 0.17-a0-1685-g57e755e
 30016 | Swamp:2  | Killed Jorgrun
 30070 | Swamp:2  | Got a clouded iron amulet
 30075 | Swamp:2  | Identified the amulet of Intercession {Gourm *Corrode Int+6 Stlth+} (You found it on level 2 of the Swamp)
 30418 | Swamp:2  | Noticed Kirke
 30425 | Swamp:2  | Noticed a sphinx
 31106 | Swamp:3  | Noticed Donald
 31107 | Swamp:3  | Upgraded the game from 0.17-a0-1685-g57e755e to 0.17-a0-1691-g18a3847
 31108 | Swamp:3  | Upgraded the game from 0.17-a0-1691-g18a3847 to 0.17-a0-1701-gf693a3f
 31121 | Swamp:3  | Killed Donald
 31311 | Swamp:3  | Your ally Donald died
 31877 | Swamp:4  | Entered Level 4 of the Swamp
 32027 | Swamp:4  | Reached skill level 15 in Dodging
 32961 | Swamp:4  | Noticed a thorn hunter
 32977 | Swamp:4  | Killed a thorn hunter
 33037 | Swamp:4  | Noticed a thorn hunter
 33048 | Swamp:4  | Killed a thorn hunter
 33048 | Swamp:4  | Reached XP level 16. HP: 124/159 MP: 1/27
 33346 | Swamp:4  | Noticed the 27-headed Lernaean hydra
 33346 | Swamp:4  | Upgraded the game from 0.17-a0-1701-gf693a3f to 0.17-a0-1711-gc5340a3
 33346 | Swamp:4  | Upgraded the game from 0.17-a0-1711-gc5340a3 to 0.17-a0-1718-g72dbe4d
 33359 | Swamp:4  | Killed the 27-headed Lernaean hydra
 33497 | Swamp:4  | Got a decaying rune of Zot
 33563 | Swamp:4  | Learned a level 6 spell: Haste
 33714 | Swamp:4  | Killed from afar by a thorn hunter

Vault maps used:
D:1:      dpeg_arrival_morbid_curiosity
D:2:      lemuel_round_altar, cheibriados_altar_1,
          gammafunk_temple_overflow_elements, ecumenical_altar_1, uniq_natasha,
          uniq_iyjb
D:3:      first_bread, minmay_misc_feat_more_columns, eino_curves_04,
          minmay_statues_item, nrook_mini_vaults
D:4:      nicolae_overflow_hidden_temple, kennysheep_potato
D:5:      lemuel_ratsnest, temple_hall_moat, serial_shops, shop
D:6:      grunt_temple_overflow_gold_and_silver, minivault_26,
          uniq_prince_ribbit1, uniq_blork_the_orc
D:7:      grunt_temple_overflow_holy_war, serial_shops, kennysheep_mini_moat
D:9:      nemelex_altar_shiori, bloody_trog, orc_0_dummy, serial_shops,
          nicolae_shop_temple_entry_statues_fountains, hangedman_pestilent_swarm
D:10:     serial_shops, shop
D:11:     hangedman_cross_cluster
Lair:1:   st_stairs_6
Lair:2:   uniq_fannar, uniq_harold
Lair:3:   minmay_swamp_entry_reptiles, infiniplex_staircase_pool
Lair:5:   serial_bayou, serial_bayou_pond_d, serial_bayou_shore_a,
          serial_bayou_pond_d, serial_bayou_pond_b,
          grunt_forest_small_clearings, grunt_forest_large_clearings,
          lemuel_fruit_fields, serial_bayou_shore_b, uniq_rupert
Lair:6:   pond_and_an_island_with_a_cottage
Lair:8:   due_jungle_book, slime_dummy
Swamp:1:  evilmike_swamp_ruin_house_1
Swamp:2:  hangedman_swamp_lotus, uniq_kirke, uniq_jorgrun
Swamp:3:  nicolae_swamp_fairy_circle, uniq_donald
Swamp:4:  grunt_swamp_rune_castle
Orc:1:    serial_shops, nicolae_shop_window_shopping
Orc:2:    serial_shops, shop_fountains, basic_altar
Orc:3:    nicolae_orc_pool_cavern
Orc:4:    st_orc_town, lab_entry_generic, statue_in_the_mist_lemuel
Lab:      labyrinth_hidden_loot

Action                   |  1- 3 |  4- 6 |  7- 9 | 10-12 | 13-15 | 16-18 || total
-------------------------+-------+-------+-------+-------+-------+-------++-------
Melee: Mace              |     3 |       |       |       |       |       ||     3
       Dagger            |       |     3 |   119 |   892 |  1603 |    52 ||  2669
Throw: Javelin           |       |       |       |     1 |     1 |       ||     2
 Cast: Sandblast         |    42 |    78 |   204 |    76 |     1 |       ||   401
       Stoneskin         |     2 |       |    11 |    60 |   132 |     4 ||   209
       Lee's Rapid Decon |       |       |     4 |    54 |    91 |     1 ||   150
       Stone Arrow       |       |       |       |   147 |   297 |    30 ||   474
       Passwall          |       |       |       |     1 |       |       ||     1
       Petrify           |       |       |       |       |     9 |       ||     9
       Vampiric Draining |       |       |       |       |   232 |     6 ||   238
       Animate Dead      |       |       |       |       |    30 |     2 ||    32
Invok: Greater Servant o |       |       |       |       |     2 |     3 ||     5
Evoke: Wand              |       |     4 |     2 |     3 |     3 |     1 ||    13
  Use: Scroll            |       |     8 |     8 |     9 |    19 |     3 ||    47
       Potion            |       |       |       |     3 |     2 |     1 ||     6
 Stab: Sleeping          |       |       |       |     5 |     2 |       ||     7
       Distracted        |       |       |       |     2 |     3 |       ||     5
       Petrified         |       |       |       |       |     1 |       ||     1
  Eat: Chunk             |     2 |     2 |    11 |    23 |    37 |       ||    75
       Meat ration       |     1 |       |       |     1 |     6 |     1 ||     9
       Beef jerky        |       |       |     2 |     6 |     1 |       ||     9
       Pizza             |       |       |     2 |     4 |     2 |       ||     8
       Bread ration      |       |       |       |     1 |     2 |     1 ||     4
       Royal jelly       |       |       |       |     9 |     1 |       ||    10
       Fruit             |       |       |       |       |     1 |       ||     1
